 Dungeon Sprint DCSS version 0.30.1 (webtiles) character file.

Game seed: 14162419446119529969

413 Groucho the Nimble (level 6, -2/55 HPs)
             Began as a Merfolk Ice Elementalist on July 8, 2023.
             Was a Follower of Cheibriados.
             Slain by a vampire (10 damage)
             ... in the Dungeon (Sprint IX: "|||||||||||||||||||||||||||||").
             The game lasted 00:04:22 (1180 turns).

Groucho the Nimble (Merfolk Ice Elementalist)       Turns: 1180, Time: 00:04:23

Health: -2/55      AC:  4    Str: 11    XL:     6   Next: 91%
Magic:  6/15       EV: 18    Int: 23    God:    Cheibriados [*.....]
Gold:   0          SH:  0    Dex: 20    Spells: 11/18 levels left

rFire   . . .        j - +2 scimitar (vamp)
rCold   . . .        (no shield)
rNeg    . . .        a - +0 robe
rPois   .            (no helmet)
rElec   .            l - +0 cloak
rCorr   .            (no gloves)
SInv    .            k - +0 pair of boots
Will    .....        (no amulet)
Stlth   +            m - +3 ring of dexterity
HPRegen 0.29/turn    n - +3 ring of intelligence
MPRegen 0.14/turn

%: no teleportation
@: confused, invisible, very slow
A: (nimble swimmer 2), mertail
a: Renounce Religion, Bend Time


You were in the Dungeon.
You worshipped Cheibriados.
Cheibriados was aware of your devotion.
You visited 1 branch

Inventory:

Hand Weapons
 j - a +2 vampiric scimitar (weapon)
Armour
 a - a +0 robe (worn)
 k - a +0 pair of boots (worn)
 l - a +0 cloak (worn)
Jewellery
 m - a +3 ring of dexterity (left hand)
 n - a +3 ring of intelligence (right hand)
Wands
 i - a wand of roots (9)
Scrolls
 g - a scroll of blinking
 h - 2 scrolls of amnesia
Potions
 b - 4 potions of magic
 e - a potion of haste


   Skills:
 + Level 7.5 Fighting
 + Level 9.5 Dodging
 - Level 2.4 Stealth
 + Level 6.7 Spellcasting
 + Level 9.4 Ice Magic


You had 11 spell levels left.
You knew the following spells:

 Your Spells              Type           Power      Damage    Failure   Level
a - Freeze                Ice            100%       1d10      1%          1
b - Frozen Ramparts       Ice            100%       1d16      1%          3
c - Ozocubu's Armour      Ice            50%        N/A       1%          3

Your spell library contained the following spells:

 Spells                   Type           Power      Damage    Failure   Level
 Summon Ice Beast         Ice/Summ       29%        N/A       12%         4


Dungeon Overview and Level Annotations

Branches:
Dungeon (1/1)

Altars:
Cheibriados
Dithmenos
Elyvilon
Fedhas
Gozag
Hepliaklqana
Kikubaaqudgha
Makhleb
Nemelex Xobeh
Okawaru
Qazlal
Ru
Sif Muna
Trog
Uskayaw
Vehumet
Wu Jian
Xom
Yredelemnul
Zin
The Shining One
Jiyva
Lugonu


Innate Abilities, Weirdness & Mutations

((You are very nimble when in or above water. (Stealth+, EV+, Speed+++)))
Your lower body shifts to a powerful aquatic tail in water.


Message History

Unknown command.
Press < or > to pray at altars.
Unknown command.
Press < or > to pray at altars.
You feel better.
You fade into invisibility!
Something closely misses you. Something barely misses you.
There is a shimmering altar of Xom here.
You closely miss something. Something hits you but does no damage.
Something bites you.
Something draws strength from your injuries!
Something closely misses you. Something bites you but does no damage.
You hit something but do no damage. Something barely misses you.
Something bites you.
Something draws strength from your injuries!
You closely miss something. Something hits you. Something bites you!
Something draws strength from your injuries!
Something closely misses you. Something bites you but does no damage.
You hit something.
You hear some strange, mumbled words.
You are confused.
You bump into the unnaturally hard rock wall.
Something closely misses you. x2
You bump into the unnaturally hard rock wall.
Something hits you!
* * * LOW HITPOINT WARNING * * *
Something bites you.
* * * LOW HITPOINT WARNING * * *
Something draws strength from your injuries!
Unknown command.
Press < or > to pray at altars.
Unknown command.
Press < or > to pray at altars.
Unknown command.
Press < or > to pray at altars.
Okay, then.
You hit something but do no damage.
A vampire appears from thin air!
Reactivating autopickup.
The vampire hits you!
You die...

▓_▓
▓_▓
▓_▓
▓_▓
▓_▓
▓_▓
▓_▓
▓_▓
▓@▓
▓V▓
▓O▓
▓_▓
▓'▓
▓.▓
▓.▓
▓)▓
▓.▓


You could see a two-headed ogre (unable to see you) and a vampire.

Vanquished Creatures
  A troll (D)
  A kobold brigand (D)
  A gnoll sergeant (D)
  A sleepcap (D)
  An orc wizard (D)
  2 adders (D)
  A white imp (D)
  A dart slug (D)
  A ball python (D)
  A bat (D)
  An endoplasm (D)
  2 hobgoblins (D)
14 creatures vanquished.

Notes
Turn   | Place    | Note
-------+----------+-------------------------------------------
     0 | D        | Groucho the Merfolk Ice Elementalist began the quest for
                  | the Orb.
     0 | D        | Reached XP level 1. HP: 13/13 MP: 3/3
     7 | D        | Reached skill level 5 in Ice Magic
   159 | D        | Reached XP level 2. HP: 10/20 MP: 0/5
   623 | D        | Reached skill level 1 in Fighting
   629 | D        | Reached XP level 3. HP: 28/28 MP: 3/7
   649 | D        | Reached skill level 5 in Dodging
   649 | D        | Reached XP level 4. HP: 7/35 MP: 2/9
  1052 | D        | Found a snail-covered altar of Cheibriados.
  1052 | D        | Found a shadowy altar of Dithmenos.
  1052 | D        | Found a white marble altar of Elyvilon.
  1052 | D        | Found a blossoming altar of Fedhas.
  1052 | D        | Found an opulent altar of Gozag.
  1053 | D        | Found a hazy altar of Hepliaklqana.
  1054 | D        | Found a viscous altar of Jiyva.
  1055 | D        | Found an ancient bone altar of Kikubaaqudgha.
  1056 | D        | Found a corrupted altar of Lugonu.
  1057 | D        | Found a burning altar of Makhleb.
  1058 | D        | Found a sparkling altar of Nemelex Xobeh.
  1066 | D        | Became a worshipper of Cheibriados the Contemplative
  1070 | D        | Found an iron altar of Okawaru.
  1071 | D        | Found a stormy altar of Qazlal.
  1072 | D        | Found a sacrificial altar of Ru.
  1073 | D        | Found a shimmering blue altar of Sif Muna.
  1074 | D        | Found a bloodstained altar of Trog.
  1075 | D        | Found a hide-covered altar of Uskayaw.
  1076 | D        | Found a radiant altar of Vehumet.
  1077 | D        | Found an ornate altar of the Wu Jian Council.
  1078 | D        | Found a shimmering altar of Xom.
  1079 | D        | Found a basalt altar of Yredelemnul.
  1080 | D        | Found a glowing silver altar of Zin.
  1081 | D        | Found a glowing golden altar of the Shining One.
  1125 | D        | Learned a level 3 spell: Frozen Ramparts
  1129 | D        | Learned a level 3 spell: Ozocubu's Armour
  1130 | D        | Noticed a troll
  1130 | D        | Noticed a kobold brigand
  1130 | D        | Noticed a gnoll sergeant
  1130 | D        | Noticed a vampire
  1130 | D        | Noticed a two-headed ogre
  1150 | D        | Killed a troll
  1150 | D        | Reached * piety under Cheibriados
  1151 | D        | Reached XP level 5. HP: 12/47 MP: 0/13
  1151 | D        | Reached XP level 6. HP: 13/53 MP: 0/15
  1180 | D        | Slain by a vampire

Illustrated notes

Levels and vault maps discovered:
D:        linesprint [early_d, line_temple, items_1, d_10, items_2, lair_1,
          lair_end, items_3, orc_1, orc_end, items_4, d_15, swamp_1, shoals_1,
          snake_1, spider_1, d_20, vaults_1, items_5, swamp_end, shoals_end,
          snake_end, spider_end, vaults_end, d_27, items_6, zot_1, zot_end,
          crypt_end, forest_end, elf_end, slime_end, tomb_end, abyss_end,
          pan_hell_end]

Skill      XL: |  1  2  3  4  5  6 |
---------------+-------------------+-----
Ice Magic      | 5 6 8 9 |  9.4
Dodging        | 3 4 5 8 9 |  9.5
Fighting       | 2 3 6 7 |  7.5
Spellcasting   | 3 6 |  6.7
Stealth        | |  2.4

Action                     |  1- 3 |  4- 6 || total
---------------------------+-------+-------++-------
  Melee: Unarmed           |    25 |       ||    25
         Scimitar          |       |    22 ||    22
   Cast: Freeze            |    17 |       ||    17
         Ozocubu's Armour  |       |     2 ||     2
         Frozen Ramparts   |       |     2 ||     2
  Evoke: Wand              |       |     1 ||     1
    Use: Potion            |     2 |     9 ||    11
         Scroll            |       |     1 ||     1
 Armour: Robe              |       |    23 ||    23
  Dodge: Dodged            |    19 |    39 ||    58
